 Dungeon Crawl Stone Soup version 0.23.0 (webtiles) character file.

Game seed: 17594836953814504097

68 Borgoz the Cutter (level 4, -6/43 HPs)
             Began as a Kobold Monk on Feb 16, 2019.
             Mangled by Sigmund
             ... wielding a +0 scythe
              (12 damage)
             ... on level 2 of the Dungeon.
             The game lasted 00:03:21 (1507 turns).

Borgoz the Cutter (Kobold Monk)                     Turns: 1507, Time: 00:03:21

Health: -6/43      AC:  2    Str: 13    XL:     4   Next: 41%
Magic:  4/4        EV: 17    Int: 11    God:
Gold:   58         SH:  0    Dex: 18    Spells: 3/3 levels left

rFire    + . .     SeeInvis .   a - +0 short sword
rCold    + . .     Gourm    .   (shield restricted)
rNeg     . . .     Faith    .   b - +0 robe
rPois    +         Spirit   .   (no helmet)
rElec    +         Reflect  .   (no cloak)
rCorr    +         Harm     .   (no gloves)
MR       .....                  (no boots)
Stlth    ..........             (no amulet)
HPRegen  0.14/turn              (no ring)
MPRegen  0.09/turn              (no ring)

@: berserking (expiring), resistant, very slightly contaminated, invisible, very
quick
A: small, carnivore
a: no special abilities


You were on level 2 of the Dungeon.
You were completely stuffed.

You visited 1 branch of the dungeon, and saw 2 of its levels.

You collected 58 gold pieces.

Inventory:

Hand Weapons
 a - a +0 short sword (weapon)
Armour
 b - a +0 robe (worn)
 l - a +0 ring mail
Jewellery
 k - a cursed ring of attention {unknown}
Scrolls
 e - a scroll of blinking {unknown}
 g - a scroll of amnesia {unknown}
 i - 3 scrolls of identify {unknown}
Potions
 m - a potion of agility {unknown}
Comestibles
 c - 3 rations


   Skills:
 + Level 3.7 Fighting
 + Level 4.7 Short Blades
 + Level 1.0 Armour
 + Level 4.1 Dodging
 + Level 3.6 Stealth


You had 3 spell levels left.
You didn't know any spells.
Your spell library was empty.

Dungeon Overview and Level Annotations

Branches:
Dungeon (2/15)

Altars:
Yredelemnul

Annotations:
D:2 Sigmund


Innate Abilities, Weirdness & Mutations

You are small and have problems with some larger weapons.
You are carnivorous and can eat meat at any time.


Message History

Something barely misses you.
Things that are here:
a hobgoblin corpse; a jackal corpse You hit something.
You puncture something! You closely miss something.
Something barely misses you.
You closely miss something. You barely miss something.
You hear some strange, mumbled words.
A puff of flame appears from out of thin air!
The puff of flame misses you.
You closely miss the rat. The rat closely misses you.
You puncture the rat!
You kill the rat!
Something hits you.
* * * LOW HITPOINT WARNING * * *
You miss something. You miss something. You hit something. Something hits you!
You die...

#...... h........ #......
........# ###.# #......
#....)... ....# ##...#.
#.#...... ..#.# ##>###
........# #.#.# #.#
...8....# #.#.# #.#
..8.8..{###.#.#######.###
.8._.8..@##.#............
..8.8.††#.............###
...8....##..#.###########
.......###..#.# #...†...
..##.## ##.##.####.##....
......###.###......##.###
.####...####..######.#
..............# #.#
#############.# #.#


There were no monsters in sight!

Vanquished Creatures
  An adder (D:2)
  3 oozes
  A dart slug (D:2)
  A leopard gecko (D:2)
  3 bats (D:2)
  2 giant cockroaches (D:1)
  5 goblins
  5 hobgoblins
  3 jackals (D:2)
  A ball python (D:2)
  2 frilled lizards
  A giant cockroach zombie (D:1)
  4 kobolds
  A leopard gecko zombie (D:1)
  10 rats
43 creatures vanquished.

Notes
Turn   | Place    | Note
-------+----------+-------------------------------------------
     0 | D:1      | Borgoz the Kobold Monk began the quest for the Orb.
     0 | D:1      | Reached XP level 1. HP: 14/14 MP: 1/1
   119 | D:1      | Reached XP level 2. HP: 15/19 MP: 2/2
   571 | D:1      | Reached XP level 3. HP: 23/23 MP: 3/3
   946 | D:2      | Found a basalt altar of Yredelemnul.
  1365 | D:2      | Reached XP level 4. HP: 29/29 MP: 4/4
  1443 | D:2      | Found a faded altar of an unknown god.
  1445 | D:2      | Noticed Sigmund
  1481 | D:2      | Reached skill level 1 in Armour
  1507 | D:2      | Mangled by Sigmund

Skill      XL: |  1  2  3  4 |
---------------+-------------+-----
Stealth        | 3 |  3.6
Dodging        | 4 |  4.1
Armour         | 1 |  1.0
Fighting       | |  3.7
Short Blades   | |  4.7

Action                   |  1- 3 |  4- 6 || total
-------------------------+-------+-------++-------
Melee: Short sword       |    86 |    57 ||   143
  Use: Potion            |       |     3 ||     3
 Stab: Sleeping          |     4 |     1 ||     5
       Invisible         |       |     3 ||     3
  Eat: Chunk             |    10 |       ||    10
Armor: Robe              |    12 |     9 ||    21
Dodge: Dodged            |    49 |    45 ||    94
